 Dungeon Crawl Stone Soup version 0.31-a0-995-g04711c9635 (webtiles) character file.

Game seed: 543981988872061150

42 Dirtsage the Insei (level 3, -1/23 HPs)
             Began as an Octopode Shapeshifter on Nov 6, 2023.
             Slain by a goblin
             ... wielding a +0 war axe
              (7 damage)
             ... on level 2 of the Dungeon.
             The game lasted 00:01:14 (1191 turns).

Dirtsage the Insei (Octopode Shapeshifter)          Turns: 1191, Time: 00:01:14

Health: -1/23      AC:  1    Str: 13    XL:     3   Next: 54%
Magic:  3/3        EV: 13    Int: 12    God:
Gold:   90         SH:  0    Dex: 13    Spells: 2/2 levels left

rFire   . .          .
                       - Unarmed
rCold   . . .        (no shield)
rNeg    . . .        (helmet currently unavailable)
rPois   .            (no amulet)
rElec   .            (no ring)
rCorr   .            (no ring)
SInv    .            (no ring)
Will    .....        (no ring)
Stlth   ++           (no ring)
HPRegen 0.23/turn    (no ring)
MPRegen 0.08/turn    (no ring)
                     (no ring)

%: no passive effects
@: beast-form
A: beast (slay +1), almost no armour, amphibious, 8 rings, camouflage 1,
gelatinous body 1, (nimble swimmer 1), tentacles
a: Begin Untransformation


You were on level 2 of the Dungeon.
You were a hulking beast.
You visited 1 branch of the dungeon, and saw 2 of its levels.

You collected 90 gold pieces.

Inventory:

Magical Staves
 e - a staff of death
Jewellery
 j - a ring of ice
Talismans
 b - a beast talisman
 c - a flux talisman
Scrolls
 f - a scroll of identify {unknown}
 i - a scroll of enchant weapon {unknown}
Potions
 a - a potion of lignification
 d - a potion of invisibility {unknown}
 g - 2 potions of berserk rage {unknown}
 h - a potion of haste {unknown}


   Skills:
 - Level 1.0 Fighting
 - Level 2.0 Dodging
 + Level 4.4 Unarmed Combat
 - Level 3.0 Shapeshifting


You had 2 spell levels left.
You didn't know any spells.
Your spell library contained the following spells:

 Spells                   Type           Power      Damage    Failure   Level
 Slow                     Hex            0%         N/A       32%         1
 Confusing Touch          Hex            0%         N/A       69%         3
 Sigil of Binding         Hex            0%         N/A       69%         3
 Vampiric Draining        Necr           0%         2d6       69%         3


Dungeon Overview and Level Annotations

Branches:
Dungeon (2/15)

Altars:


Innate Abilities, Weirdness & Mutations

You are a hulking beast.
Your limbs bulge with bestial killing power. (Slay +1)
You cannot wear most types of armour.
You are amphibious.
You can wear up to eight rings at the same time.
Your skin changes colour to match your surroundings (Stealth+).
Your rubbery body absorbs attacks. (AC +1, EV +1)
((You are camouflaged when in or above water. (Stealth+)))
You have tentacles for arms and can constrict up to eight enemies at once.


Message History

Orders for allies: a - Attack new target. r - Retreat! s - Stop attacking. g - Guard the area. f - Follow me.
Anything else - Cancel.
You shout for attention!
The adder hisses angrily.
The goblin shouts!
You hear a shout!
You hear an angry hiss.
A goblin comes into view. It is wielding a +0 war axe.
You see here 2 bubbling amethyst potions.
You swing at nothing.
You closely miss the adder. Your grab misses the adder.
Your tentacle-slap misses the adder.
The adder bites you.
You take 4 damage, and have 19/23 hp.
You tentacle-slap the adder. Your grab misses the adder.
The adder is moderately wounded.
The adder closely misses you.
You barely miss the adder. You grab the adder.
The adder is moderately wounded.
You constrict the adder. The adder bites you.
You are poisoned.
The adder poisons you! The adder bites you.
You take 7 damage, and have 12/23 hp.
MASSIVE DAMAGE!!
You tentacle-slap the adder.
You kill the adder!
You feel sick.
You take 2 damage, and have 10/23 hp.
You miss the goblin. You grab the goblin. You squeeze the goblin.
You kill the goblin!
You feel sick.
You swing at nothing.
You feel sick.
You take 1 damage, and have 9/23 hp.
You swing at nothing.
You feel sick.
You take 1 damage, and have 8/23 hp.
You swing at nothing.
You feel sick.
You take 1 damage, and have 7/23 hp.
You feel sick.
You take 1 damage, and have 6/23 hp.
You feel sick.
You are no longer poisoned.
The goblin hits you with a +0 war axe!
You die...

.#......## .......
.†....#..# .......
.)....#..## .......
###.###...###
..).)..
#.....#...### .....
........#....###...
...........#.##..#
......##.##.#.##g#
##....##.##...##h#
..#.. #.####.##.#
.##. #......#:.#
#####....## ##...#
#.....# ##..#.#
#..#... .... ...


You could see a goblin.

Vanquished Creatures
  An adder (D:2)
  A dart slug (D:1)
  2 endoplasms (D:1)
  2 giant cockroaches
  4 goblins
  4 hobgoblins
  A kobold (D:1)
  5 quokkas
  A ball python (D:1)
  3 bats
  2 rats (D:1)
26 creatures vanquished.

Notes
Turn   | Place    | Note
-------+----------+-------------------------------------------
     0 | D:1      | Dirtsage the Octopode Shapeshifter began the quest for the
                  | Orb.
     0 | D:1      | Reached XP level 1. HP: 13/13 MP: 1/1
     3 | D:1      | Noticed an electric eel
     4 | D:1      | Noticed an electric eel
   144 | D:1      | Reached XP level 2. HP: 18/18 MP: 2/2
   544 | D:1      | Reached skill level 4 in Unarmed Combat
   989 | D:2      | Reached XP level 3. HP: 23/23 MP: 3/3
  1191 | D:2      | Slain by a goblin

Illustrated notes

Levels and vault maps discovered:
D:1:      arrival_aquarium_b, layout_basic, hangedman_decor_peaks_small,
          minmay_misc_feat_more_columns
D:2:      layout_rooms

Skill      XL: |  1  2 |
---------------+-------+-----
Unarmed Combat | 4 |  4.4
Fighting       | |  1.0
Dodging        | |  2.0
Shapeshifting  | |  3.0

Action                     || total
---------------------------++-------
  Melee: Unarmed           ||    45
         Constrict         ||    10
         Tentacles         ||     7
   Stab: Sleeping          ||     6
 Armour: Skin              ||    20
  Dodge: Dodged            ||    23

Table legend: (Time is in decaauts)
 A = Elapsed time spent in this place.
 B = Non-inter-level travel time spent in this place.
 C = Inter-level travel time spent in this place.
 D = Time resting spent in this place.
 E = Time spent auto-exploring this place.
 F = Levels seen in this place.
 G = Mean time per level.
                   A        B        C        D        E       F      G
               +--------+--------+--------+--------+--------+-----+--------+
         Total |   1187 |   1161 |     26 |      0 |   1027 |   2 |  593.5 |
       Dungeon |   1187 |   1161 |     26 |      0 |   1027 |   2 |  593.5 |
               +--------+--------+--------+--------+--------+-----+--------+

Top non-repeatable levels by time:
     D:1: 981 daAuts
     D:2: 206 daAuts
